 Dungeon Crawl Stone Soup version 0.29-a0-322-g68df515428 (webtiles) character file.

Game seed: 15911960214539284162

4 Flugslaktarn the Stinger (level 1, 8/13 HPs)
             Began as a Human Venom Mage on Apr 6, 2022.
             Quit the game on level 1 of the Dungeon.
             The game lasted 00:00:37 (124 turns).

Flugslaktarn the Stinger (Human Venom Mage)          Turns: 124, Time: 00:00:38

Health: 8/13       AC:  2    Str:  8    XL:     1   Next: 77%
Magic:  1/3        EV: 12    Int: 15    God:
Gold:   43         SH:  0    Dex: 13    Spells: 3/4 levels left

rFire   . . .      SeeInvis .   c - +0 dagger
rCold   . . .      Faith    .   (no shield)
rNeg    . . .      Spirit   .   a - +0 robe
rPois   .          Reflect  .   (no helmet)
rElec   .          Harm     .   (no cloak)
rCorr   .          Rampage  .   (no gloves)
Will    .....                   (no boots)
Stlth   ++........              (no amulet)
HPRegen 0.04/turn               (no ring)
MPRegen 0.08/turn               (no ring)

@: no status effects
A: no striking features
a: no special abilities


You were on level 1 of the Dungeon.
You visited 1 branch of the dungeon, and saw 2 of its levels.

You collected 43 gold pieces.

Inventory:

Hand Weapons
 c - a +0 dagger (weapon)
   (You took it off a goblin on level 1 of the Dungeon)
Armour
 a - a +0 robe (worn)
Scrolls
 d - a scroll of immolation {unknown}
Potions
 b - a potion of magic


   Skills:
 - Level 2.0 Dodging
 - Level 2.0 Stealth
 - Level 2.0 Spellcasting
 + Level 1.7 Transmutations
 - Level 3.0 Poison Magic


You had 3 spell levels left.
You knew the following spells:

 Your Spells              Type           Power      Damage    Failure   Level
a - Sting                 Tmut/Pois      32%        1d4       9%          1

Your spell library contained the following spells:

 Spells                   Type           Power      Damage    Failure   Level
 Poisonous Vapours        Pois/Air       12%        N/A       19%         2
 Mephitic Cloud           Conj/Pois/Air  4%         N/A       41%         3
 Gell's Gravitas          Tloc           1%         N/A       54%         3
 Lesser Beckoning         Tloc           1%         N/A       54%         3
 Teleport Other           Tloc           1%         N/A       54%         3
 Olgreb's Toxic Radiance  Pois           10%        N/A       54%         4


Dungeon Overview and Level Annotations

Branches:
Dungeon (2/15)

Altars:


Message History

The bat misses you.
Found 19 gold pieces.
The bat hits you. The bat closely misses you.
You barely miss the bat. The bat hits you but does no damage.
The bat barely misses you.
You hit the bat but do no damage. The bat barely misses you. x3
You closely miss the bat. The bat hits you but does no damage.
A rat comes into view.
The bat barely misses you. The bat hits you but does no damage.
Casting: Sting (safe; 10% risk of failure)
Confirm with . or Enter, or press ? or * to list all spells.
Aiming: Sting (safe; 10% risk of failure)
Press: ? - help, Shift-Dir - straight line, f - bat
Aim: a bat (52% to hit)
The sting hits the bat.
The bat is poisoned.
The bat is heavily wounded.
The bat misses you. The bat hits you.
You hit the rat but do no damage. The bat barely misses you.
The rat bites you but does no damage.
You hit the bat.
You kill the bat!
The rat twitches its whiskers.
The rat barely misses you.
You hit the rat.
You kill the rat!
You now have 26 gold pieces (gained 19).
You see here a rat corpse.
Found 12 gold pieces.
Found 5 gold pieces.
Found a scroll labelled EFFOME ALYNGA.
You now have 38 gold pieces (gained 12).
Found a dagger.
d - a scroll labelled EFFOME ALYNGA A rat comes into view.
Found a stone staircase leading down.
You see here 5 gold pieces.
You see here 5 gold pieces.
You now have 43 gold pieces (gained 5).
Casting: Sting (safe; 9% risk of failure)
Confirm with . or Enter, or press ? or * to list all spells.
Aiming: Sting (safe; 9% risk of failure)
Press: ? - help, Shift-Dir - straight line, f - rat
Aim: a rat (68% to hit)
You miscast Sting.
You are very lightly contaminated with residual magic.
Nothing appears to happen.
Casting: Sting (safe; 9% risk of failure)
Confirm with . or Enter, or press ? or * to list all spells.
Aiming: Sting (safe; 9% risk of failure)
Press: ? - help, Shift-Dir - straight line, f/p - rat
Aim: a rat (68% to hit)
The sting misses the rat.
The rat bites you.
You closely miss the rat. The rat bites you.
You hit the rat.
The rat is severely wounded.
The rat completely misses you.
You hit the rat but do no damage.
The rat is severely wounded.
The rat bites you but does no damage.
You hit the rat but do no damage.
The rat is severely wounded.
The rat completely misses you.
You barely miss the rat.
The rat is severely wounded.
The rat barely misses you.
Your magical contamination has completely faded away.
You barely miss the rat.
The rat is severely wounded.
The rat barely misses you.
You closely miss the rat.
The rat is severely wounded.
The rat barely misses you.
You barely miss the rat.
The rat is severely wounded.
The rat bites you but does no damage.
Casting: Sting (safe; 9% risk of failure)
Confirm with . or Enter, or press ? or * to list all spells.
Aiming: Sting (safe; 9% risk of failure)
Press: ? - help, Shift-Dir - straight line, f/p - rat
Aim: a rat (severely wounded, 68% to hit)
The sting hits the rat but does no damage.
The rat is poisoned.
The rat is severely wounded.
The rat closely misses you.
You kill the rat!
There is a stone staircase leading down here.
You climb downwards.
The jackal barks! x3
There is a stone staircase leading up here.
The jackal barely misses you. x2
The jackal bites you but does no damage.
The jackal misses you.
You climb upwards.
There is a stone staircase leading down here.
There is a stone staircase leading down here.
Enter note: balanced Unknown command.
Are you sure you want to abandon this character and quit the game? (Confirm with "yes".)

.#.#.## #.##.#.###.
......... ......#
#.##.#.# #.###..####
......# ##.##.#.####...#
#..
......####........†.....#
#.
..††........##........#..
..
......####.#####.###..#
......# #.# #h# ....
......# #.#####h# ###.
##.#... .....hh@# #.#####
#.####### #.. ..# ## ###


You could see 4 jackals.

Vanquished Creatures
  A bat (D:1)
  A goblin (D:1)
  A kobold (D:1)
  2 rats (D:1)
5 creatures vanquished.

Notes
Turn   | Place    | Note
-------+----------+-------------------------------------------
     0 | D:1      | Flugslaktarn the Human Venom Mage began the quest for the
                  | Orb.
     0 | D:1      | Reached XP level 1. HP: 13/13 MP: 3/3
   124 | D:1      | balanced
   124 | D:1      | Quit the game

Illustrated notes

.#.#.## #.##.#.###.
......... ......#
#.##.#.# #.###..####
......# ##.##.#.####...#
#..
......####........†.....#
#.
..††........##........#..
..
......####.#####.###..#
......# #.# #h# ....
......# #.#####h# ###.
##.#... .....hh@# #.#####
#.####### #.. ..# ## ###


Turn 124 on D:1: balanced

Levels and vault maps discovered:
D:1:      minmay_arrival_four_circles, layout_loops_ring
D:2:      layout_rooms, shapermc_ecumenical_altar_mp_highgroup

Action                   || total
-------------------------++-------
Melee: Dagger            ||    14
       Unarmed           ||     1
 Cast: Sting             ||     9
Armor: Robe              ||    11
Dodge: Dodged            ||    22

Table legend: (Time is in decaauts)
 A = Elapsed time spent in this place.
 B = Non-inter-level travel time spent in this place.
 C = Inter-level travel time spent in this place.
 D = Time resting spent in this place.
 E = Time spent auto-exploring this place.
 F = Levels seen in this place.
 G = Mean time per level.
                   A        B        C        D        E       F      G
               +--------+--------+--------+--------+--------+-----+--------+
         Total |    123 |    123 |      0 |      0 |      0 |   2 |   61.5 |
       Dungeon |    123 |    123 |      0 |      0 |      0 |   2 |   61.5 |
               +--------+--------+--------+--------+--------+-----+--------+

Top non-repeatable levels by time:
     D:1: 122 daAuts
     D:2: 1 daAuts
